 Dungeon Crawl Stone Soup version 0.30-a0-760-g5a9884bb7c (webtiles) character file.

Game seed: 14043115284904382339

1632 Angani the Digger (level 8, -3/51 HPs)
             Began as a Grey Draconian Hedge Wizard on Feb 10, 2023.
             Was a Believer of Hepliaklqana.
             Killed from afar by a gargoyle (17 damage)
             ... with a stone arrow
             ... on level 6 of the Dungeon.
             The game lasted 00:19:33 (7555 turns).

Angani the Digger (Grey Draconian Hedge Wizard)     Turns: 7555, Time: 00:19:33

Health: -3/51      AC: 13    Str: 13    XL:     8   Next: 66%
Magic:  13/17      EV: 12    Int: 16    God:    Hepliaklqana [**....]
Gold:   153        SH:  0    Dex: 11    Spells: 11/19 levels left

rFire   . . .      SeeInvis .    t - +1 dagger (venom)
rCold   . . .      Faith    .    (no shield)
rNeg    . . .      Spirit   .    (body armour unavailable)
rPois   .          Reflect  .    b - +0 hat
rElec   .          Harm     .    r - +0 cloak
rCorr   .          Rampage  .    (no gloves)
Will    .....                    w - +0 pair of boots
Stlth   ++                       (no amulet)
HPRegen 0.28/turn                (no ring)
MPRegen 0.15/turn                (no ring)

@: hasted, very quick
A: reduced essence, AC +11, amphibious, unfitting armour, cold-blooded
a: Renounce Religion, Recall Ancestor, Ancestor Identity


You were on level 6 of the Dungeon.
You worshipped Hepliaklqana.
Hepliaklqana was pleased with you.
You visited 1 branch of the dungeon, and saw 6 of its levels.

You collected 369 gold pieces.
You spent 216 gold pieces at shops.

Inventory:

Hand Weapons
 t - a +1 dagger of venom (weapon)
Armour
 b - a +0 hat (worn)
 r - a +0 cloak (worn)
 w - a +0 pair of boots (worn)
Wands
 q - a wand of digging (3)
Scrolls
 a - 6 scrolls of identify
 h - a scroll of amnesia
 i - a scroll of poison {unknown}
 n - a scroll of teleportation {unknown}
 o - 6 scrolls of enchant armour {unknown}
 s - a scroll of blinking {unknown}
 u - a scroll of magic mapping {unknown}
Potions
 c - a potion of magic
 d - a potion of attraction
 e - a potion of mutation {unknown}
 f - 3 potions of might {unknown}
 g - 2 potions of haste
 j - a potion of berserk rage {unknown}
 k - 3 potions of curing
 l - a potion of lignification {unknown}
 m - 2 potions of invisibility {unknown}
 p - 4 potions of flight {unknown}
 v - 3 potions of heal wounds {unknown}


   Skills:
 - Level 1.7 Dodging
 - Level 1.7 Stealth
 - Level 6.4 Spellcasting
 - Level 6.2 Conjurations
 + Level 2.5 Hexes
 - Level 1.0 Summonings
 - Level 1.0 Translocations
 + Level 6.7 Earth Magic


You had 11 spell levels left.
You knew the following spells:

 Your Spells              Type           Power      Damage    Failure   Level
a - Magic Dart            Conj           100%       1d8       1%          1
b - Stone Arrow           Conj/Erth      50%        3d10      2%          3
c - Leda's Liquefaction   Hex/Erth       10%        N/A       19%         4

Your spell library contained the following spells:

 Spells                   Type           Power      Damage    Failure   Level
 Sandblast                Erth           52%        2d12      1%          1
 Slow                     Hex            52%        N/A       4%          1
 Passwall                 Tmut/Erth      12%        N/A       4%          2
 Ensorcelled Hibernation  Hex/Ice        18%        N/A       12%         2
 Blink                    Tloc           16%        N/A       13%         2
 Call Imp                 Summ           8%         N/A       13%         2
 Confusing Touch          Hex            13%        N/A       14%         3
 Mephitic Cloud           Conj/Pois/Air  11%        N/A       17%         3
 Portal Projectile        Hex/Tloc       20%        N/A       19%         3
 Cigotuvi's Dreadful Rot  Necr/Pois/Air  10%        N/A       21%         2
 Inner Flame              Hex/Fire       9%         N/A       24%         3
 Call Canine Familiar     Summ           8%         N/A       26%         3
 Swiftness                Air            5%         N/A       36%         3
 Vampiric Draining        Necr           5%         2d6       36%         3
 Cause Fear               Hex            6%         N/A       43%         4
 Discord                  Hex            6%         N/A       100%        8


Dungeon Overview and Level Annotations

Branches:
Dungeon (6/15)
 Temple: D:4-7

Altars:
Hepliaklqana

Shops:
D:2 :


Innate Abilities, Weirdness & Mutations

Your life essence is reduced to manifest your ancestor. (-10% HP)
Your dull iron-grey scales are very hard. (AC +11)
You are amphibious.
You cannot fit into any form of body armour.
You are cold-blooded and may be slowed by cold attacks.


Message History

Aim: a gargoyle, wielding a +0 flail (86% to hit)
Syrinius avoids your attack.
The stone arrow hits the gargoyle but does no damage.
The gargoyle hurls a stone arrow at you.
Syrinius blocks the stone arrow.
What are your orders? t - Shout!
Orders for allies: a - Attack new target. p - Attack previous target. r - Retreat! s - Stop attacking. g - Guard the area. f - Follow me.
Anything else - Cancel.
Gang up on whom?
Press: ? - help, Dir - move target, f/p - gargoyle
Aim: a gargoyle, wielding a +0 flail Attack!
Syrinius hits the gargoyle but does no damage.
Syrinius is recalled.
The gargoyle hurls a stone arrow at you.
The stone arrow hits you!
The gargoyle hurls a stone arrow at you.
The stone arrow hits you!
The gargoyle hits Syrinius with a +0 flail!!
Syrinius is destroyed!
As you read the scroll labelled GETRUH XUET, it crumbles to dust.
It is a scroll of identify.
d - a potion of attraction
Okay, then.
Unknown command.
As you read the scroll labelled AMOMNEVONG, it crumbles to dust.
It is a scroll of amnesia.
Really abort (and waste the scroll)?
Okay, then.
The gargoyle hurls a stone arrow at you.
The stone arrow hits you!
* * * LOW HITPOINT WARNING * * *
Okay, then.
You feel yourself speed up. The gargoyle barely misses you.
The gargoyle hurls a stone arrow at you.
The stone arrow hits you!
You die...

## ########### ..
.......?..# #.
..........# #.
..........#
#.#..........##
#...........9.#
#<###.##.....##
#.#...####...@##
#...## #.....#.
##...#####.##....#
#.......^.#...$..#
#..................
#........>#....#....
#......<..#.......#.
#.....................
#.............#......


You could see a gargoyle.

Vanquished Creatures
  An ogre (D:3)
  A phantom (D:4)
  4 killer bees (D:5)
  A hound (D:5)
  Crazy Yiuf (D:3)
  2 iguanas
  Natasha (thrice) (D:2)
  2 orc wizards
  Robin (D:4)
  11 gnolls (D:3)
  3 adders
  A white imp (D:5)
  A worm (D:2)
  22 orcs
  4 endoplasms
  4 giant cockroaches
  14 goblins
  5 hobgoblins
  15 jackals
  5 kobolds
  3 quokkas
  6 ball pythons
  8 bats
  4 frilled lizards
  7 rats
129 creatures vanquished.

Vanquished Creatures (collateral kills)
  Eustachio (D:4)
  A sky beast (D:6)
  A phantom (D:5)
  A necrophage (D:5)
  A scorpion (D:5)
  A killer bee (D:5)
  A howler monkey (D:3)
  A jelly (D:5)
  An orc priest (D:5)
  An iguana (D:5)
  2 orc wizards (D:4)
  8 gnolls (D:3)
  4 adders (D:5)
  A white imp (D:5)
  4 orcs
  A goblin (D:4)
  2 hobgoblins
  4 jackals
36 creatures vanquished.

Vanquished Creatures (others)
  A knight (D:6)
  5 ancestors
  A plant (D:3)
7 creatures vanquished.

Grand Total: 172 creatures vanquished

Notes
Turn   | Place    | Note
-------+----------+-------------------------------------------
     0 | D:1      | Angani the Draconian Hedge Wizard began the quest for the
                  | Orb.
     0 | D:1      | Reached XP level 1. HP: 14/14 MP: 4/4
   275 | D:1      | Reached XP level 2. HP: 17/20 MP: 6/6
  1032 | D:2      | Reached XP level 3. HP: 24/26 MP: 1/8
  1813 | D:2      | Found a faded altar of an unknown god.
  1831 | D:2      | Prayed at the altar of an unknown god.
  1831 | D:2      | Became a worshipper of Hepliaklqana the Forgotten
  1831 | D:2      | Reached * piety under Hepliaklqana
  1863 | D:2      | Noticed Natasha
  1868 | D:2      | Killed Natasha
  1869 | D:2      | Reached XP level 4. HP: 29/29 MP: 5/9
  2007 | D:2      | Found Mukhines's Book Shoppe.
  2164 | D:2      | Noticed Natasha
  2169 | D:2      | Killed Natasha
  2194 | D:2      | Noticed Natasha
  2200 | D:2      | Killed Natasha
  2448 | D:3      | Found a runed translucent door.
  2449 | D:3      | Noticed Crazy Yiuf
  2506 | D:3      | Reached XP level 5. HP: 34/34 MP: 9/11
  3079 | D:3      | Noticed an ogre
  3087 | D:3      | Killed an ogre
  3087 | D:3      | Identified the +0 scale mail of the Arcane {-Tele rElec
                  | SInv Stlth+}
  3088 | D:3      | Reached skill level 5 in Spellcasting
  3088 | D:3      | Reached XP level 6. HP: 38/40 MP: 4/13
  3847 | D:3      | Reached skill level 5 in Conjurations
  4214 | D:3      | Your scales start taking on a dull iron-grey colour.
  4214 | D:3      | Reached XP level 7. HP: 45/45 MP: 12/15
  4550 | D:3      | Killed Crazy Yiuf
  4844 | D:4      | Noticed Robin
  4850 | D:4      | Killed Robin
  5133 | D:4      | Reached ** piety under Hepliaklqana
  5134 | D:4      | Remembered your ancestor Syrinius as a knight
  5576 | D:4      | Noticed Eustachio
  5586 | D:4      | Killed Eustachio
  5855 | D:2      | Bought a book of Geomancy for 216 gold pieces
  5859 | D:2      | Learned a level 3 spell: Stone Arrow
  6017 | D:5      | Entered Level 5 of the Dungeon
  6232 | D:5      | Reached XP level 8. HP: 51/51 MP: 11/17
  6895 | D:5      | Reached skill level 5 in Earth Magic
  6956 | D:5      | Learned a level 4 spell: Leda's Liquefaction
  7165 | D:5      | Reached skill level 1 in Hexes
  7541 | D:6      | Noticed a gargoyle
  7555 | D:6      | Killed from afar by a gargoyle

Illustrated notes

Levels and vault maps discovered:
D:1:      matt_arrival_refuge, layout_loops_ring
D:2:      layout_basic, serial_shops, shop, basic_ecumenical_altar,
          kennysheep_generic_room_3, uniq_natasha
D:3:      lemuel_castle_with_subvaults [lemuel_castle_interior_carwin_3],
          layout_rooms, ebering_dispersal_statue_hall, uniq_crazy_yiuf_cottage
D:4:      layout_loops_corners, nicolae_eternal_life, uniq_robin, uniq_eustachio
D:5:      layout_basic
D:6:      layout_rooms, kennysheep_mini, minmay_temple_entry_junction_2,
          ebering_ghost_rock_garden

Skill      XL: |  1  2  3  4  5  6  7  8 |
---------------+-------------------------+-----
Conjurations   | 2 3 4 5 6 |  6.2
Spellcasting   | 4 5 6 |  6.4
Earth Magic    | 3 6 |  6.7
Hexes          | 2 |  2.5
Dodging        | |  1.7
Stealth        | |  1.7
Summonings     | |  1.0
Translocations | |  1.0

Action                     |  1- 3 |  4- 6 |  7- 9 || total
---------------------------+-------+-------+-------++-------
  Melee: Dagger            |    84 |     6 |    12 ||   102
         Tailslap          |     4 |     1 |     1 ||     6
         Punch             |     1 |       |       ||     1
   Cast: Magic Dart        |    32 |   193 |   143 ||   368
         Stone Arrow       |       |       |    14 ||    14
 Invoke: Ancestor Identity |       |     1 |       ||     1
         Recall Ancestor   |       |     2 |     3 ||     5
         Ancestor Life: Kn |       |       |     1 ||     1
    Use: Scroll            |       |       |     2 ||     2
         Potion            |       |       |     1 ||     1
   Stab: Sleeping          |     6 |       |     1 ||     7
 Armour: Skin              |    23 |     2 |    33 ||    58
  Dodge: Dodged            |    51 |    12 |    35 ||    98

Table legend: (Time is in decaauts)
 A = Elapsed time spent in this place.
 B = Non-inter-level travel time spent in this place.
 C = Inter-level travel time spent in this place.
 D = Time resting spent in this place.
 E = Time spent auto-exploring this place.
 F = Levels seen in this place.
 G = Mean time per level.
                   A        B        C        D        E       F      G
               +--------+--------+--------+--------+--------+-----+--------+
         Total |   7560 |   7231 |    329 |   2183 |   3703 |   6 | 1260.0 |
       Dungeon |   7560 |   7231 |    329 |   2183 |   3703 |   6 | 1260.0 |
               +--------+--------+--------+--------+--------+-----+--------+

Top non-repeatable levels by time:
     D:3: 2385 daAuts
     D:2: 1432 daAuts
     D:5: 1415 daAuts
     D:4: 1270 daAuts
     D:1: 929 daAuts
     D:6: 127 daAuts
